 Dungeon Crawl Stone Soup version 0.29-a0-486-ga88943ba61 (console) character file.

Game seed: 10353078329364387228

40 Faeu the Sneak (level 3, 0/21 HPs)
             Began as a Vampire Gladiator on May 26, 2022.
             Slain by Edmund
             ... wielding a +3 vorpal flail
              (6 damage)
             ... on level 4 of the Dungeon.
             The game lasted 00:03:06 (1468 turns).

Faeu the Sneak (Vampire Gladiator)                  Turns: 1468, Time: 00:03:06

Health: 0/21       AC:  4    Str: 13    XL:     3   Next: 30%
Magic:  3/3        EV: 13    Int: 10    God:
Gold:   56         SH:  0    Dex: 17    Spells: 2/2 levels left

rFire   . . .      SeeInvis +   a - +0 rapier {short}
rCold   + + .      Faith    .   (no shield)
rNeg    + + +      Spirit   .   b - +0 leather armour
rPois   ∞          Reflect  .   c - +0 helmet
rElec   .          Harm     .   (no cloak)
rCorr   .          Rampage  .   (no gloves)
Will    .....                   (no boots)
Stlth   +++++.....              (no amulet)
HPRegen 0.00/turn               (no ring)
MPRegen 0.08/turn               (no ring)

@: bloodless, inhibited regen
A: bloodless, fangs 3, see invisible, vampiric 2
a: Bat Form, Revivify


You were on level 4 of the Dungeon.
You visited 1 branch of the dungeon, and saw 3 of its levels.

You collected 56 gold pieces.


Innate Abilities, Weirdness & Mutations

You do not regenerate when monsters are visible.
You are frail without blood (-20% HP).
You can heal yourself when you bite living creatures.
You are immune to poison.
You have razor-sharp teeth.
You have supernaturally acute eyesight. (SInv)
You are afflicted with vampirism and can become a bat while bloodless.


   Skills:
 - Level 1.7 Fighting
 - Level 3.2 Short Blades
 - Level 1.5 Throwing
 - Level 3.2 Dodging
 + Level 4.9 Stealth


You had 2 spell levels left.
You didn't know any spells.
Your spell library contained the following spells:

 Spells                   Type           Power      Damage    Failure   Level
 Gell's Gravitas          Tloc           0%         N/A       82%         3
 Lesser Beckoning         Tloc           0%         N/A       82%         3
 Teleport Other           Tloc           0%         N/A       82%         3
 Petrify                  Tmut/Erth      0%         N/A       99%         4
 Metabolic Englaciation   Hex/Ice        0%         N/A       100%        5
 Statue Form              Tmut/Erth      0%         N/A       100%        6

Inventory:

Hand Weapons
 a - a +0 rapier (weapon) {short}
Missiles
 d - 4 throwing nets (quivered) {=f!fthrowing}
 e - 4 javelins {throwing}
 f - 57 stones {throwing}
 j - 10 poisoned darts {throwing}
 q - 5 boomerangs {throwing}
Armour
 b - a +0 leather armour (worn)
 c - a +0 helmet (worn)
 i - a +0 plate armour
   (You found it on level 1 of the Dungeon)
 u - a +0 cloak
   (You found it on level 2 of the Dungeon)
 v - a +0 ring mail
   (You found it on level 2 of the Dungeon)
Jewellery
 n - a ring of resist corrosion
   (You found it on level 1 of the Dungeon)
Wands
 m - a wand of mindburst (8)
   (You found it on level 4 of the Dungeon)
Scrolls
 k - a scroll of silence {!r}
 r - a scroll of brand weapon
 s - a scroll of enchant weapon {unknown}
 t - a scroll of immolation {unknown}
 w - a scroll of blinking {unknown}
 x - a scroll of teleportation {unknown}
Potions
 g - a potion of lignification {unknown}
 h - a potion of curing {unknown}
 l - 2 potions of might {unknown}
 o - a potion of heal wounds {unknown}
 p - a potion of cancellation {unknown}

Dungeon Overview and Level Annotations

Branches:
Dungeon (2/15)

Altars:

Portals:
Ossuary: D:4

Annotations:
D:4 Dowan, Duvessa, Edmund, Natasha

......#
e...
......# ...
......# ..
......# .
#######
#... .g..
#...
#..####
..#.. #
#.#@# #
#######.#@#
##
#.........#
.####
#.#####.∩.#
....####.#
#?..#
.......#.#
#####
#........#
#####...##
#####


You could see Edmund.


Message History

f - 57 stones {throwing} (gained 5)
Things that are here:
a +0 short sword {short}; a kobold corpse A frilled lizard comes into view. 😎 HP[+2]
A frilled lizard is nearby!
A frilled lizard is nearby!
You catch the helpless frilled lizard completely off-guard!
You bite the frilled lizard, and draw its blood!
You impale the frilled lizard!!
You kill the frilled lizard!
An endoplasm comes into view.
An endoplasm is nearby!
An endoplasm is nearby!
An endoplasm is nearby!
An endoplasm is nearby!
An endoplasm is nearby!
The endoplasm quivers.
The endoplasm barely misses you.
An endoplasm is nearby!
You puncture the endoplasm!
You kill the endoplasm!
You pick up a book of Sloth and begin reading...
You add the spells Petrify, Metabolic Englaciation and Statue Form to your library.
No target in view!
t - a scroll labelled JAIREOCZIZY No target in view!
You now have 47 gold pieces (gained 15).
A hobgoblin comes into view.
A hobgoblin is nearby!
You see here a +0 ring mail.
u - a +0 cloak
Okay, then.
Unknown command.
Okay, then.
Okay, then.
The hobgoblin shouts!
A hobgoblin is nearby!
A hobgoblin is nearby!
You puncture the hobgoblin!
You kill the hobgoblin!
v - a +0 ring mail
d - 4 throwing nets {=f!fthrowing} (gained 1)
A goblin comes into view. It is wielding a +0 club.
A sourceless malevolence fills the Dungeon...
You fall into a shaft and drop 2 floors!
The shaft crumbles and collapses.
You hear the hiss of flowing sand.
There is an entrance to an ossuary on this level.
Hurry and find it before the portal is buried!
Unknown command.
As you read the scroll labelled IFUXZEPTUF, it crumbles to dust.
It is a scroll of identify.
k - a scroll of silence
As you read the scroll of identify {@r1}, it crumbles to dust.
r - a scroll of brand weapon You see here a +0 helmet.
A worm comes into view.
A worm is nearby!
A worm is nearby!
A worm is nearby!
A worm is nearby!
A worm is nearby!
A worm is nearby!
The helpless worm fails to defend itself.
You impale the worm!!
You kill the worm!
Duvessa and Dowan come into view.
You hear the slow hiss of an avalanche of sand nearby.
You now have 56 gold pieces (gained 9).
Natasha, Servant of Life and Death comes into view.
You hear the slow hiss of an avalanche of sand nearby.
m - a wand of mindburst (8)
w - a scroll labelled YFUIMN NAARACO You hear the hiss of an avalanche of sand very nearby.
x - a scroll labelled LOIPTAI DUMANOE A rat zombie comes into view.
Found a sand-covered staircase.
A hobgoblin comes into view.
Edmund the Younger comes into view.
He is wielding a +3 vorpal flail and carrying a wand of polymorph (4).
The helpless rat zombie fails to defend itself.
You impale the rat zombie!!
You destroy the rat zombie!
The helpless Edmund fails to defend himself.
You bite Edmund, and draw his blood! You impale Edmund!! You bite Edmund.
Edmund barely misses you.
You closely miss Edmund. Your bite misses Edmund.
Edmund zaps a wand.
You hit Edmund but do no damage. Edmund closely misses you.
You hit Edmund but do no damage. Edmund hits you with a +3 vorpal flail!
Ouch! That really hurt!
* * * LOW HITPOINT WARNING * * *
x2 😱 HP[-18]
You take 18 damage, and now have 3/21 hp.
MASSIVE DAMAGE!! (PAUSE)
You closely miss Edmund. You bite Edmund.
You draw Edmund's blood!
You feel better. Edmund misses you. 😨 HP[+3]
You regained 3 hp, and now have 6/21 hp.
You barely miss Edmund. Edmund hits you with a +3 vorpal flail.
You die...

Skill      XL: |  1  2 |
---------------+-------+-----
Stealth        | 2 4 |  4.9
Fighting       | |  1.7
Short Blades   | |  3.2
Throwing       | |  1.5
Dodging        | |  3.2

Action                   || total
-------------------------++-------
Melee: Rapier            ||    56
       Bite              ||     5
 Abil: Exsanguinate      ||     1
  Use: Scroll            ||     2
 Stab: Sleeping          ||     7
       Distracted        ||     1
Armor: Leather armour    ||    29
Dodge: Dodged            ||    55

Levels and vault maps discovered:
D:1:      giann_horns, layout_loops_ring
D:2:      layout_loops_ring
D:4:      wad_river_or_something, layout_basic,
          minmay_temple_entry_statues_fountains, serial_curves, eino_curves_01,
          eino_curves_04, eino_curves_01, enter_ossuary_3, minmay_bent,
          uniq_natasha, uniq_edmund, uniq_duvessa, uniq_ijyb

Notes
Turn   | Place    | Note
-------+----------+-------------------------------------------
     0 | D:1      | Faeu the Vampire Gladiator began the quest for the Orb.
     0 | D:1      | Reached XP level 1. HP: 16/16 MP: 1/1
     0 | D:1      | magus.rc [v1.9.6]
    22 | D:1      | Reached skill level 1 in Stealth
    62 | D:1      | You pick up a book of Displacement and begin reading...
    62 | D:1      | You add the spells Lesser Beckoning, Gell's Gravitas and
                  | Teleport Other to your library.
    69 | D:1      | Reached skill level 2 in Stealth
   226 | D:1      | Reached XP level 2. HP: 22/22 MP: 2/2
   307 | D:1      | Reached skill level 3 in Stealth
   599 | D:2      | HP: 3/22 [worm (9)]
   705 | D:2      | Reached skill level 4 in Stealth
   716 | D:2      | Gained mutation: You are afflicted with vampirism and can
                  | become a bat while bloodless. [Vampire growth]
   716 | D:2      | Reached XP level 3. HP: 21/21 MP: 3/3
   959 | D:2      | Noticed a black bear
  1171 | D:2      | You pick up a book of Sloth and begin reading...
  1171 | D:2      | You add the spells Petrify, Metabolic Englaciation and
                  | Statue Form to your library.
  1292 | D:2      | You fall into a shaft and drop 2 floors!
  1341 | D:4      | Noticed Duvessa
  1341 | D:4      | Noticed Dowan
  1372 | D:4      | Noticed Natasha
  1454 | D:4      | Found a sand-covered staircase.
  1460 | D:4      | Noticed Edmund
  1466 | D:4      | HP: 3/21 [Edmund/+3 vorpal flail (4)]
  1468 | D:4      | Slain by Edmund

Vanquished Creatures
  An adder (D:2)
  2 worms
  2 dart slugs (D:1)
  2 bats
  2 endoplasms
  3 goblins
  A hobgoblin (D:2)
  2 frilled lizards (D:2)
  4 kobolds
  2 rats
  A rat zombie (D:4)
22 creatures vanquished.

Table legend:
 A = Non-vault XP
 B = Vault XP
 C = Vault XP percentage of total XP
 D = Non-vault monster count
 E = Vault monster count
 F = Vault count percentage of total count
                 A         B        C        D         E       F
            +---------+---------+-------+---------+---------+-------
      Total |      57 |       1 |   1.7 |      21 |       1 |   4.5
            +---------+---------+-------+---------+---------+-------
        D:1 |      20 |       0 |   0.0 |       9 |       0 |   0.0
        D:2 |      32 |       0 |   0.0 |      11 |       0 |   0.0
        D:4 |       5 |       1 |  16.7 |       1 |       1 |  50.0
            +---------+---------+-------+---------+---------+-------

Illustrated notes

Table legend:
 A = Kills in this place as a percentage of kills in entire the game.
 B = Kills by you in this place as a percentage of kills by you in the entire game.
 C = Kills by friends in this place as a percentage of kills by friends in the entire game.
 D = Other kills in this place as a percentage of other kills in the entire game.
 E = Experience gained in this place as a percentage of experience gained in the entire game.
 F = Experience gained in this place divided by the number of levels of this place that you have seen.
                   A       B       C       D       E      F
               +-------+-------+-------+-------+-------+----------------------
         Total | 100.0 | 100.0 |   N/A |   N/A | 100.0 |  19.3
       Dungeon | 100.0 | 100.0 |   N/A |   N/A | 100.0 |  19.3
               +-------+-------+-------+-------+-------+----------------------

Table legend: (Time is in decaauts)
 A = Elapsed time spent in this place.
 B = Non-inter-level travel time spent in this place.
 C = Inter-level travel time spent in this place.
 D = Time resting spent in this place.
 E = Time spent auto-exploring this place.
 F = Levels seen in this place.
 G = Mean time per level.
                   A        B        C        D        E       F      G
               +--------+--------+--------+--------+--------+-----+--------+
         Total |   1471 |   1402 |     69 |     93 |    937 |   3 |  490.3 |
       Dungeon |   1471 |   1402 |     69 |     93 |    937 |   3 |  490.3 |
               +--------+--------+--------+--------+--------+-----+--------+

Top non-repeatable levels by time:
     D:1: 667 daAuts
     D:2: 627 daAuts
     D:4: 175 daAuts
